Unix NetHack Version 5.0.0-0 post-release - last build May 17 2026 04:57:42 (dc50c8380fa5e20985bfe3072449f57b8d9895ef,branch:main).

Game began 2026-05-21 21:20:03, ended 2026-05-21 21:42:45.

Brudee, neutral female human Tourist

                                           --------
                         -------           |..)...|
                        #......-###########.......|
                        #|.....|           |......+
  ----------           ##|.....|           ---.----
  |.....{...###        # -.-----              #
  |........|###-----  ##  #                   #
  |.........# --...-- #   #                   #u
  ----------#--a.x..--#   #                   @
            #|.....o.-#   #                  #d#
            #-':sy:..|    #                  # #
            #|Z......|    #                    #
            #--..d..--    ###                  #
            ##--.l.--      -.----              #
             # -----       |^...|#    ---.-+---.-
             ##########    |.....#    |.........|
                      #####.<.^.|#####.>...[[^..|
                           ------#    |...^...%.|
                                      --------#--

Brudee the Sightseer        St:18 Dx:8 Co:15 In:13 Wi:10 Ch:18  Neutral S:1370
Dlvl:7  $:751 HP:0(31) Pw:16(16) AC:4  Xp:5/211 T:2610 

Latest messages:
 Your movements are now unencumbered.
 You find a hidden passage.
 You swap places with Shaggy.
 You see here a statue of a straw golem.
 You swap places with Shaggy.
 You feel tough!
 You must have been leading a healthy life-style.
 You see here a statue of a hobgoblin.
 You swap places with Shaggy.
 Ouch!  You bump into a door.
 In what direction? l
 This door is locked.
 Unlock it with your key? [ynq] (q) q
 In what direction? l
 This door is locked.
 Unlock it with your key? [ynq] (q) y
 You succeed in unlocking the door.
 The door opens.
 Please move the cursor to a monster, object or location.
 (For instructions type a '?')
 Move cursor to a monster, object or location:
 u        a unicorn or horse (white unicorn)
 More info about "white unicorn"? [yn] (n) n
 Pick a monster, object or location.
 $ - 26 gold pieces (751 in total).
 Shaggy misses the white unicorn.
 You hear some noises.
 You swap places with Shaggy.
 The white unicorn butts!
 The white unicorn kicks!
 The white unicorn butts!
 The white unicorn kicks!
 In what direction? k
 The dart misses the white unicorn.
 The white unicorn butts!
 The white unicorn kicks!
 Shaggy bites the white unicorn.
 The white unicorn misses Shaggy.
 The white unicorn hits Shaggy.
 In what direction? k
 What do you want to drink? [fsEFI or ?*] ?
 You feel much better.
 a - a +2 dart (at the ready) (25 in total).
 The white unicorn butts!
 The white unicorn kicks!
 The white unicorn butts!
 The white unicorn kicks!
 You die...
 Do you want your possessions identified? [ynq] (y) y
 Do you want to see your attributes? [ynq] (y) q

Inventory:
 Coins    ('$')
  $ - 751 gold pieces
 Amulets  ('"')
  x - a blessed amulet of life saving
 Weapons  (')')
  a - 25 +2 darts (at the ready)
  M - a +0 dagger
 Armor    ('[')
  h - an uncursed +0 Hawaiian shirt with a giant eel motif (being worn)
  K - an uncursed +0 dwarvish mithril-coat (being worn)
 Comestibles  ('%')
  D - an uncursed slime mold
  w - 2 uncursed cram rations
  e - 7 uncursed food rations
  b - 3 uncursed tripe rations
  c - an uncursed egg
  p - an uncursed lichen corpse
 Scrolls  ('?')
  n - 2 uncursed scrolls of confuse monster
  y - an uncursed scroll of enchant armor
  q - an uncursed scroll of enchant weapon
  L - a blessed scroll of food detection
  O - a blessed scroll of identify
  J - an uncursed scroll of identify
  g - 4 uncursed scrolls of magic mapping
  m - an uncursed scroll of remove curse
  l - an uncursed scroll of teleportation
 Potions  ('!')
  f - an uncursed potion of extra healing
  E - 2 blessed potions of healing
  F - 3 uncursed potions of healing
  s - 2 cursed potions of healing
  I - an uncursed potion of monster detection
 Wands    ('/')
  G - a wand of digging (0:7)
 Tools    ('(')
  j - an uncursed credit card
  i - an expensive camera (0:86)
  H - an uncursed skeleton key
  k - an uncursed tallow candle
 Gems/Stones  ('*')
  N - an uncursed topaz stone
  u - an uncursed worthless piece of orange glass
  C - 2 uncursed worthless pieces of white glass
  z - an uncursed worthless piece of yellow glass

Brudee the Tourist's attributes:

Background:
 You were a Sightseer, a level 5 female human Tourist.
 You were neutral, nominally on a mission for The Lady
 who was opposed by Blind Io (lawful) and Offler (chaotic).
 You were right-handed.
 You were in the Dungeons of Doom, on level 7.
 You entered the dungeon 2610 turns ago.
 You had 211 experience points, 109 more were needed to attain level 6.
 Your score was 1370 before end-of-game adjustments.

Basics:
 You had 0 out of 31 hit points.
 You had all 16 energy points (spell power).
 Your armor class was 4.
 Your wallet contained 751 zorkmids.
 Autopickup was on for '$!=+?/"' plus thrown.

Final Characteristics:
 Your strength was 18 (limit:18/100).
 Your dexterity was 8 (limit:18).
 Your constitution was 15 (limit:18).
 Your intelligence was 13 (limit:18).
 Your wisdom was 10 (limit:18).
 Your charisma was 18 (limit:18).

Final Status:
 You weren't hungry.
 You were unencumbered.
 You were bare handed.
 You were unskilled in bare handed combat.

Final Attributes:
 You were piously aligned.
 You were telepathic.
 You were guarded.
 Your spell casting was impaired by metallic armor.
 You are dead.

Miscellaneous:
 You didn't encounter any bones levels.
 Total elapsed playing time was 22 minutes and 41 seconds.

Major events:
 Turn
    1: Brudee the neutral female human Tourist entered the dungeon
  712: attained the rank of Sightseer (level 3)
 2610: killed by a white unicorn

Spells:
 Name                 Level Category     Fail Retention
 healing                1   healing       92%  76%-100%

Skills:
 Fighting Skills
   bare handed combat [Unskilled]
   two weapon combat  [Unskilled]
   riding             [Unskilled]
 Weapon Skills
   dagger             [Unskilled]
   knife              [Unskilled]
   axe                [Unskilled]
   pick-axe           [Unskilled]
   short sword        [Unskilled]
   broadsword         [Unskilled]
   long sword         [Unskilled]
   two-handed sword   [Unskilled]
   saber              [Unskilled]
   mace               [Unskilled]
   morning star       [Unskilled]
   flail              [Unskilled]
   hammer             [Unskilled]
   quarterstaff       [Unskilled]
   polearms           [Unskilled]
   spear              [Unskilled]
   trident            [Unskilled]
   lance              [Unskilled]
   bow                [Unskilled]
   sling              [Unskilled]
   crossbow           [Unskilled]
   dart               [Basic]
   shuriken           [Unskilled]
   boomerang          [Unskilled]
   whip               [Unskilled]
   unicorn horn       [Unskilled]
 Spellcasting Skills
   divination spells  [Unskilled]
   enchantment spells [Unskilled]
   escape spells      [Unskilled]

Voluntary challenges:
 Character rerolling was not enabled.
 You were an atheist.
 You never hit with a wielded weapon.
 You never genocided any monsters.
 You never polymorphed an object.
 You never changed form.
 You used no wishes.
Achievements:
 You entered a shop.
 You attained the rank of Sightseer.

 The Dungeons of Doom: levels 1 to 8
    Level 1:
    Level 2:
       A ring shop, a fountain.
    Level 3:
    Level 4:
       Some fountains.
    Level 5:
       An altar to The Lady.
    Level 6:
       An altar, a fountain.
    Level 7: <- You were here.
       A fountain.
       Final resting place for
          you, killed by a white unicorn.
    Level 8:


Vanquished creatures:
  a Mordor orc
 an Uruk-hai
  4 giant ants
  a floating eye
  a dwarf
  2 homunculi
  a werejackal
 an iguana
 an acid blob
  2 coyotes
  a hobgoblin
  a cave spider
  a green mold
  a gnome
  4 geckos
  4 jackals
  a goblin
  5 grid bugs
  4 lichens
  a kobold zombie
  7 newts
45 creatures vanquished.

No species were genocided or became extinct.

Game over:
                       ----------
                      /          \
                     /    REST    \
                    /      IN      \
                   /     PEACE      \
                  /                  \
                  |      Brudee      |
                  |      751 Au      |
                  |   killed by a    |
                  |  white unicorn   |
                  |                  |
                  |                  |
                  |       2026       |
                 *|     *  *  *      | *
        _________)/\\_//(\/(/\)/\//\/|_)_______

Aloha Brudee the Tourist...

You died in The Dungeons of Doom on dungeon level 7 with 1353 points,
and 751 pieces of gold, after 2610 moves.
You were level 5 with a maximum of 31 hit points when you died.

